 Dungeon Crawl Stone Soup version 0.24.0-13-gcf9b3192b9 (webtiles) character file.

Game seed: 10481407791488097342, levelgen mode: deterministic

820 Arum the Slasher (level 7, -8/62 HPs)
             Began as a Minotaur Gladiator on Nov 5, 2019.
             Was a Follower of Okawaru.
             Shot with an arrow by a centaur (15 damage)
             ... on level 5 of the Dungeon.
             The game lasted 00:06:08 (3217 turns).

Arum the Slasher (Minotaur Gladiator)               Turns: 3217, Time: 00:06:09

Health: -8/62      AC:  7    Str: 20    XL:     7   Next: 63%
Magic:  6/6        EV: 14    Int:  5    God:    Okawaru [*.....]
Gold:   217        SH:  0    Dex: 12    Spells: 6/6 levels left

rFire    . . .     SeeInvis +   a - +0 long sword
rCold    + + +     Gourm    .   (no shield)
rNeg     . . .     Faith    .   y - +3 leather armour "Xuzipta" {-Tele rPois rC+++ SInv}
rPois    +         Spirit   .   c - +0 hat
rElec    .         Reflect  .   (no cloak)
rCorr    +         Harm     .   B - +0 pair of gloves
MR       .....     NoTele   +   (no boots)
Stlth    ++........             i - amulet of regeneration
HPRegen  0.60/turn              u - ring of resist corrosion
MPRegen  0.10/turn              b - ring of stealth

@: no status effects
A: retaliatory headbutt, horns 2
a: Heroism, Renounce Religion


You were on level 5 of the Dungeon.
You worshipped Okawaru.
Okawaru was aware of your devotion.
You were not hungry.

You visited 2 branches of the dungeon, and saw 6 of its levels.

You collected 217 gold pieces.

Inventory:

Hand Weapons
 a - a +0 long sword (weapon)
Missiles
 d - 3 throwing nets (quivered)
 p - 3 silver javelins
Armour
 c - a +0 hat (worn)
 y - the +3 leather armour "Xuzipta" (worn) {-Tele rPois rC+++ SInv}
   (You found it on level 4 of the Dungeon)

   It renders you almost immune to cold.
   It protects you from poison.
   It lets you see invisible.
   It prevents most forms of teleportation.
 B - a +0 pair of gloves (worn)
Jewellery
 b - a ring of stealth (right hand)
 i - an amulet of regeneration (around neck)
 u - a ring of resist corrosion (left hand)
Wands
 w - a wand of paralysis (10)
 z - a wand of iceblast (12)
 D - a wand of disintegration (13)
Scrolls
 e - 6 scrolls of identify
 g - 2 scrolls of amnesia {unknown}
 j - 2 scrolls of noise {unknown}
 m - 6 scrolls of teleportation {unknown}
 o - 8 scrolls of remove curse
 t - a scroll of fear {unknown}
 v - a scroll of enchant armour {unknown}
 x - a scroll of immolation {unknown}
 E - a scroll of fog {unknown}
Potions
 h - 4 potions of curing {unknown}
 k - 4 potions of heal wounds {unknown}
 l - 3 potions of lignification {unknown}
 n - a potion of brilliance {unknown}
 q - 2 potions of cancellation {unknown}
 r - a potion of magic {unknown}
 s - a potion of degeneration {unknown}
 A - 2 potions of agility {unknown}
 C - a potion of flight {unknown}
Comestibles
 f - 12 rations


   Skills:
 + Level 5.8 Fighting
 + Level 6.4 Long Blades
 - Level 2.0 Throwing
 + Level 4.3 Armour
 + Level 5.9 Dodging


You had 6 spell levels left.
You didn't know any spells.
Your spell library was empty.

Dungeon Overview and Level Annotations

Branches:
Dungeon (5/15)             Temple (1/1) D:4

Altars:
Ashenzari
Cheibriados
Dithmenos
Elyvilon
Fedhas
Hepliaklqana
Kikubaaqudgha
Makhleb
Nemelex Xobeh
Okawaru
Ru
Trog
Uskayaw
Vehumet
Wu Jian
Xom
Yredelemnul
Zin

Shops:
D:4 *   D:5 [


Innate Abilities, Weirdness & Mutations

You reflexively headbutt those who attack you in melee.
You have a pair of horns on your head.


Message History

The centaur shoots an arrow.
The arrow closely misses you.
The centaur shoots an arrow.
The arrow hits you. The ogre hits you with a +0 giant club!
* * * LOW HITPOINT WARNING * * *
You are too injured to fight recklessly!
You are too injured to fight recklessly!
You are too injured to fight recklessly!
You are too injured to fight recklessly!
You are too injured to fight recklessly!
You are too injured to fight recklessly!
You are too injured to fight recklessly!
Unknown command.
The ogre misses you.
You slash the ogre!
You kill the ogre!
Okawaru accepts your kill.
The centaur shoots an arrow.
The arrow hits you!
* * * LOW HITPOINT WARNING * * *
The centaur shoots an arrow.
The arrow hits you!
You die...

............#.....#.........
.....#................#.....
.....#...............##.....
..........###........##.....
.##......## ##..........#...
.........# #......#.###...
..$#.....#####......#..##...
............##..........##..
..........(@...........##...
...........)...##....####...
................#...##.#....
..........................##
..#.........###.......##..##
##........# ####....##...#
#......c.. #.........#
#......... ##.......##
#........#


You could see a centaur.

Vanquished Creatures
  A phantom (D:4)
  2 ogres
  A scorpion (D:4)
  A crimson imp (D:5)
  2 orc wizards (D:4)
  A centaur skeleton (D:4)
  An orc priest (D:4)
  A hound (D:4)
  A worker ant (D:3)
  Natasha (thrice) (D:3)
  A killer bee zombie (D:5)
  A hound skeleton (D:4)
  10 adders
  3 oozes
  An adder skeleton (D:4)
  A worm (D:4)
  4 dart slugs
  4 leopard geckos
  4 orcs (D:4)
  11 bats
  8 giant cockroaches
  6 hobgoblins
  5 jackals
  7 kobolds
  3 quokkas
  2 ball pythons
  3 frilled lizards
  7 goblins
  A jackal skeleton (D:4)
  6 rats
102 creatures vanquished.

Notes
Turn   | Place    | Note
-------+----------+-------------------------------------------
     0 | D:1      | Arum the Minotaur Gladiator began the quest for the Orb.
     0 | D:1      | Reached XP level 1. HP: 18/18 MP: 0/0
    33 | D:1      | Reached XP level 2. HP: 22/25 MP: 1/1
   101 | D:1      | Reached skill level 4 in Long Blades
   633 | D:2      | Reached XP level 3. HP: 29/31 MP: 2/2
   636 | D:2      | Found a hide-covered altar of Uskayaw.
   809 | D:2      | Reached XP level 4. HP: 38/39 MP: 3/3
  1306 | D:3      | Noticed Natasha
  1312 | D:3      | Killed Natasha
  1342 | D:3      | Reached skill level 1 in Armour
  1389 | D:3      | Noticed Natasha
  1395 | D:3      | Killed Natasha
  1395 | D:3      | Reached XP level 5. HP: 38/46 MP: 4/4
  1402 | D:3      | Reached skill level 5 in Long Blades
  1430 | D:3      | Noticed Natasha
  1436 | D:3      | Killed Natasha
  1454 | D:3      | Found a radiant altar of Vehumet.
  2027 | D:4      | Noticed a phantom
  2064 | D:4      | Killed a phantom
  2064 | D:4      | Reached XP level 6. HP: 47/53 MP: 5/5
  2075 | D:4      | Found an ornate altar of the Wu Jian Council.
  2076 | D:4      | Got a transparent leather armour
  2094 | D:4      | Reached skill level 5 in Dodging
  2104 | D:4      | Found a staircase to the Ecumenical Temple.
  2111 | Temple   | Entered the Ecumenical Temple
  2302 | Temple   | Became a worshipper of Warmaster Okawaru
  2349 | D:4      | Identified the +3 leather armour "Xuzipta" {-Tele rPois
                  | rC+++ SInv} (You found it on level 4 of the Dungeon)
  2389 | D:4      | Reached skill level 5 in Fighting
  2571 | D:4      | Reached XP level 7. HP: 56/61 MP: 6/6
  2693 | D:4      | Reached skill level 6 in Long Blades
  2739 | D:4      | Found Cujeppbenol's Commerce Corner.
  3051 | D:5      | Entered Level 5 of the Dungeon
  3086 | D:5      | Found Qaeqad's Armour Boutique.
  3174 | D:5      | Reached * piety under Okawaru
  3217 | D:5      | Shot with an arrow by a centaur

Levels and vault maps discovered:
D:1:      shiori_shiawase, layout_loops_ring
D:2:      layout_rooms, eat_drink_and_be_merry_uskayaw, minmay_pentomino_t4
D:3:      layout_basic, overflow_temple_1_default, uniq_natasha
D:4:      layout_loops_cross, overflow_temple_1_default,
          minmay_temple_entry_hall, first_ration, minmay_misc_feat_tiny,
          nicolae_alphabet_shops
D:5:      layout_cave_pools, serial_shops, shop, tgw_trog
Temple:   regret_index_temple_generic_petals

Skill      XL: |  1  2  3  4  5  6  7 |
---------------+----------------------+-----
Long Blades    | 4 5 6 |  6.4
Fighting       | 3 4 5 |  5.8
Dodging        | 4 5 |  5.9
Armour         | 1 2 3 4 |  4.3
Throwing       | |  2.0

Action                   |  1- 3 |  4- 6 |  7- 9 || total
-------------------------+-------+-------+-------++-------
Melee: Long sword        |    63 |   126 |    54 ||   243
       Headbutt          |    10 |    27 |    10 ||    47
  Use: Scroll            |       |     2 |       ||     2
 Stab: Sleeping          |       |     5 |     3 ||     8
  Eat: Chunk             |       |     5 |     3 ||     8
Armor: Leather armour    |     7 |    13 |     9 ||    29
       Ring mail         |       |    17 |       ||    17
Dodge: Dodged            |    60 |    88 |    44 ||   192
       Rpst.: Long sword |    10 |    21 |    10 ||    41
